 Dungeon Crawl Stone Soup version 0.27-a0-1312-g5cdb2b3542 (webtiles) character file.

Game seed: 17542654828416467021

133 Sobieck the Ducker (level 4, -10/24 HPs)
             Began as a Spriggan Berserker on June 20, 2021.
             Was a Believer of Trog.
             Killed by divine providence
             ... invoked by an orc priest
              (12 damage)
             ... on level 4 of the Dungeon.
             The game lasted 00:06:10 (3436 turns).

Sobieck the Ducker (Spriggan Berserker)             Turns: 3436, Time: 00:06:10

Health: -10/24     AC:  2    Str: 14    XL:     4   Next: 93%
Magic:  5/5        EV: 19    Int:  8    God:    Trog [**....]
Gold:   102        SH:  0    Dex: 14    Spells: 3/3 levels left

rFire    . . .     SeeInvis +   a - +0 long sword {long}
rCold    . . .     Faith    .   (shield restricted)
rNeg     . . .     Spirit   .   l - +0 animal skin
rPois    .         Reflect  .   (helmet restricted)
rElec    .         Harm     .   j - scarf {shadows}
rCorr    .         Rampage  .   (gloves unavailable)
Will     .....                  (boots unavailable)
Stlth    ++........             (no amulet)
HPRegen  0.08/turn              (no ring)
MPRegen  0.09/turn              (no ring)

@: on berserk cooldown, slowed, quick
A: very small, no large weapons, unfitting armour, see invisible, speed 3
a: Renounce Religion, Berserk, Trog's Hand


You were on level 4 of the Dungeon.
You worshipped Trog.
Trog was pleased with you.
You visited 1 branch of the dungeon, and saw 4 of its levels.

You collected 102 gold pieces.


Innate Abilities, Weirdness & Mutations

You are very small and have problems with some larger weapons.
You are too small for most types of armour.
You have supernaturally acute eyesight. (SInv)
You cover ground extremely quickly. (Speed+++)


   Skills:
 + Level 3.1 Fighting
 + Level 3.1 Long Blades
 + Level 5.1 Dodging
 + Level 3.5 Stealth


You had 3 spell levels left.
You didn't know any spells.
Your spell library contained the following spells:

 Spells                   Type           Power      Damage    Failure   Level
 Animate Skeleton         Necr           0%         N/A       41%         1
 Apportation              Tloc           0%         N/A       41%         1
 Corona                   Hex            0%         N/A       41%         1
 Sting                    Tmut/Pois      0%         1d3       41%         1
 Summon Small Mammal      Summ           0%         N/A       41%         1
 Poisonous Vapours        Pois/Air       0%         N/A       54%         2
 Ignite Poison            Fire/Tmut/Pois 0%         N/A       78%         3
 Mephitic Cloud           Conj/Pois/Air  0%         N/A       78%         3
 Olgreb's Toxic Radiance  Pois           0%         N/A       99%         4

Inventory:

Hand Weapons
 a - a +0 long sword (weapon) {long}
   (You found it on level 3 of the Dungeon)
 b - a +0 hunting sling {sling}
   (You found it on level 2 of the Dungeon)
 k - a +2 dagger of electrocution {short}
   (You found it on level 2 of the Dungeon)
 o - a +0 falchion {long}
Missiles
 c - 14 bolts
 g - 24 stones {throwing}
 h - 37 arrows
 m - 17 poisoned darts {throwing}
Armour
 j - a scarf of shadows (worn)
   (You found it on level 1 of the Dungeon)
 l - a +0 animal skin (worn)
Scrolls
 d - a scroll of enchant armour {unknown}
 e - a scroll of identify {unknown}
 p - a scroll of holy word {unknown}
Potions
 f - 2 potions of heal wounds {unknown}
 i - 2 potions of curing {unknown}
 n - a potion of brilliance {unknown}

Dungeon Overview and Level Annotations

Branches:
Dungeon (4/15)
 Temple: D:4-7

Altars:

Shops:
D:2 * ######o.. #@oo.ooJ. ######B/.

You could see an orc priest, 2 orc wizards, 2 orcs, an endoplasm and a giant cockroach.


Message History

The ball python skeleton barely misses you.
The ball python skeleton misses you.
The ball python skeleton completely misses you.
You hit the ball python skeleton. The ball python skeleton misses you.
The ball python skeleton closely misses you.
You hit the ball python skeleton.
You destroy the ball python skeleton!
Trog accepts your kill.
Your Dodging skill increases to level 5!
No target in view!
An endoplasm comes into view.
The endoplasm quivers.
You hit the endoplasm. The endoplasm freezes you.
You are frozen. 😕 HP[-2]
You take 2 damage, and now have 22/24 hp.
You hit the endoplasm. The endoplasm barely misses you.
You slash the endoplasm!
You kill the endoplasm!
Trog accepts your kill. 😕 HP[+1] No target in view!
A bullfrog skeleton is nearby! 😎 HP[+1]
Your hp is fully restored (24).
You slash the bullfrog skeleton!
You destroy the bullfrog skeleton!
Trog accepts your kill.
No target in view!
You now have 102 gold pieces (gained 7).
Found a stone staircase leading down.
(D) Dungeon
Where to? (Enter - D:3, ? - help)
There is a stone staircase leading down here.
You climb downwards. 2 orcs and an orc wizard come into view.
The orc wizard shouts!
An orc priest comes into view. It is wielding a +0 short sword.
There is a stone staircase leading up here.
The orc shouts!
Okay, then.
A red film seems to cover your vision as you go berserk!
You feel yourself moving faster!
You feel mighty!
A giant cockroach comes into view.
An orc wizard comes into view. It is wielding a +0 dagger.
The orc wizard completely misses you. 😎 HP[+12]
You now have 36 max hp (+12).
Your hp is fully restored (36).
You closely miss the orc wizard.
The orc wizard shouts!
You closely miss the orc wizard.
The orc wizard casts a spell.
The orc wizard flickers and vanishes for a moment.
You slash the orc wizard!
The orc wizard hits you but does no damage.
You closely miss the orc wizard. The orc wizard casts a spell at you.
You are confused.
You bump into the rock wall.
An endoplasm comes into view.
The orc wizard points at you and mumbles some strange words.
The puff of flame hits you. 😕 HP[-4]
You take 4 damage, and now have 32/36 hp.
You bump into the rock wall.
You feel a strong urge to attack something.
The orc wizard hits you with a +0 dagger. 😕 HP[-1]
You take 1 damage, and now have 31/36 hp.
There is a stone staircase leading up here.
You feel your anger nearly subside.
You are no longer berserk.
You are exhausted.
You feel yourself slow down. 😕 HP[-11]
You now have 24 max hp (-12).
You barely miss the orc wizard.
The orc wizard hits you with a +0 dagger.
The orc wizard misses you. 😕 HP[-1]
You take 1 damage, and now have 19/24 hp.
You miss the orc wizard.
The orc wizard hits you with a +0 dagger.
The orc priest calls down the wrath of Beogh upon you.
Beogh smites you!
Ouch! That really hurt!
* * * LOW HITPOINT WARNING * * *
The orc wizard gestures wildly while chanting.
The orc wizard flickers and vanishes for a moment.
The orc wizard completely misses you. 😱 HP[-17]
You take 17 damage, and now have 2/24 hp.
MASSIVE DAMAGE!! (PAUSE)
You feel less confused.
There is a stone staircase leading up here.
The orc wizard closely misses you.
The orc priest invokes the aid of Beogh against you.
Beogh smites you!
Ouch! That really hurt!
You die...

Skill      XL: |  1  2  3  4 |
---------------+-------------+-----
Stealth        | 1 2 3 |  3.5
Fighting       | 3 |  3.1
Long Blades    | 3 |  3.1
Dodging        | 5 |  5.1

Action                   |  1- 3 |  4- 6 || total
-------------------------+-------+-------++-------
Melee: Falchion          |    92 |       ||    92
       Dagger            |     4 |     1 ||     5
       Long sword        |     6 |    26 ||    32
 Fire: Hunting sling     |    10 |       ||    10
Invok: Berserk           |     7 |     1 ||     8
 Stab: Sleeping          |     5 |     2 ||     7
       Distracted        |     1 |       ||     1
Armor: Animal skin       |     6 |     2 ||     8
Dodge: Dodged            |    77 |    28 ||   105
       Rpst.: Falchion   |    24 |       ||    24
       Long sword        |     1 |     2 ||     3

Levels and vault maps discovered:
D:1:      minmay_arrival_stair_chambers, layout_loops_ring,
          chequers_serial_rivers_room_b, minmay_heptomino_d4
D:2:      layout_basic, serial_shops, shop_statue, minmay_ruptured
D:3:      layout_basic, shapermc_ecumenical_altar_notcrosses, minmay_between,
          uniq_crazy_yiuf_cottage
D:4:      layout_basic, serial_shops, nicolae_lakefront_shop,
          gammafunk_ghost_arena

Notes
Turn   | Place    | Note
-------+----------+-------------------------------------------
     0 | D:1      | Sobieck the Spriggan Berserker began the quest for the Orb.
     0 | D:1      | Reached XP level 1. HP: 11/11 MP: 2/2
     0 | D:1      | magus.rc [v1.9.6]
   451 | D:1      | Reached skill level 1 in Stealth
   540 | D:1      | Reached XP level 2. HP: 16/16 MP: 3/3
  1367 | D:2      | Found Laotza's General Store.
  1424 | D:2      | HP: 3/16 [worm (10)]
  1700 | D:2      | Reached skill level 2 in Stealth
  1700 | D:2      | Reached XP level 3. HP: 19/19 MP: 4/4
  1839 | D:2      | Reached ** piety under Trog
  2907 | D:2      | You pick up a book of Cantrips {forbidden} and begin
                  | reading...
  2907 | D:2      | You add the spells Corona, Animate Skeleton, Summon Small
                  | Mammal and Apportation to your library.
  3015 | D:3      | Reached XP level 4. HP: 23/23 MP: 5/5
  3021 | D:3      | Reached skill level 3 in Fighting
  3021 | D:3      | Reached skill level 3 in Long Blades
  3021 | D:3      | Reached skill level 3 in Stealth
  3340 | D:3      | You add the spells Sting, Poisonous Vapours, Mephitic
                  | Cloud, Ignite Poison and Olgreb's Toxic Radiance to your
                  | library.
  3366 | D:3      | Reached skill level 5 in Dodging
  3434 | D:4      | HP: 2/24 [orc priest/divine providence (16)]
  3436 | D:4      | Killed from afar by an orc priest

Vanquished Creatures
  A bullfrog skeleton (D:3)
  An orc wizard (D:3)
  2 adders
  A worm (D:2)
  2 dart slugs
  4 orcs (D:3)
  5 ball pythons
  4 endoplasms
  4 giant cockroaches
  3 goblins
  5 hobgoblins
  2 jackals (D:2)
  A ball python skeleton (D:3)
  4 bats
  A frilled lizard (D:1)
  5 kobolds
  3 rats
48 creatures vanquished.

Table legend:
 A = Non-vault XP
 B = Vault XP
 C = Vault XP percentage of total XP
 D = Non-vault monster count
 E = Vault monster count
 F = Vault count percentage of total count
                 A         B        C        D         E       F
            +---------+---------+-------+---------+---------+-------
      Total |     174 |      16 |   8.4 |      39 |       9 |  18.8
            +---------+---------+-------+---------+---------+-------
        D:1 |      23 |       3 |  11.5 |      12 |       3 |  20.0
        D:2 |      37 |      12 |  24.5 |      13 |       5 |  27.8
        D:3 |     114 |       1 |   0.9 |      14 |       1 |   6.7
            +---------+---------+-------+---------+---------+-------

Illustrated notes

Table legend:
 A = Kills in this place as a percentage of kills in entire the game.
 B = Kills by you in this place as a percentage of kills by you in the entire game.
 C = Kills by friends in this place as a percentage of kills by friends in the entire game.
 D = Other kills in this place as a percentage of other kills in the entire game.
 E = Experience gained in this place as a percentage of experience gained in the entire game.
 F = Experience gained in this place divided by the number of levels of this place that you have seen.
                   A       B       C       D       E      F
               +-------+-------+-------+-------+-------+----------------------
         Total | 100.0 | 100.0 |   N/A |   N/A | 100.0 |  47.5
       Dungeon | 100.0 | 100.0 |   N/A |   N/A | 100.0 |  47.5
               +-------+-------+-------+-------+-------+----------------------

Table legend: (Time is in decaauts)
 A = Elapsed time spent in this place.
 B = Non-inter-level travel time spent in this place.
 C = Inter-level travel time spent in this place.
 D = Time resting spent in this place.
 E = Time spent auto-exploring this place.
 F = Levels seen in this place.
 G = Mean time per level.
                   A        B        C        D        E       F      G
               +--------+--------+--------+--------+--------+-----+--------+
         Total |   2936 |   2824 |    112 |   1750 |    667 |   4 |  734.0 |
       Dungeon |   2936 |   2824 |    112 |   1750 |    667 |   4 |  734.0 |
               +--------+--------+--------+--------+--------+-----+--------+

Top non-repeatable levels by time:
     D:2: 1451 daAuts
     D:1: 1293 daAuts
     D:3: 169 daAuts
     D:4: 21 daAuts
